 Dungeon Crawl Stone Soup version 0.19.4-9-g45fd643 (webtiles) character file.

625 galech the Ruffian (level 7, -5/71 HPs)
             Began as a Troll Monk on Feb 20, 2017.
             Slain by an ogre
             ... wielding a +0 giant club
              (12 damage)
             ... on level 2 of the Dungeon.
             The game lasted 00:06:07 (2165 turns).

galech the Ruffian (Troll Monk)                     Turns: 2165, Time: 00:06:08

Health: -5/71      AC:  6    Str: 22    XL:     7   Next: 23%
Magic:  6/6        EV: 11    Int:  6    God:
Gold:   94         SH:  0    Dex: 12    Spells: 0 memorised, 6 levels left

rFire  . . .     SeeInvis .       - Unarmed
rCold  + . .     Gourm    +     a - +0 robe
rNeg   . . .     Faith    .     (no shield)
rPois  .         Spirit   .     (helmet restricted)
rElec  .         Reflect  .     e - +0 cloak
rCorr  .         Harm     .     (gloves unavailable)
MR     .....                    (boots unavailable)
Stlth  ++........               (no amulet)
                                q - ring of wizardry
                                j - ring of protection from cold

@: lethally poisoned (-5 -> -5)
A: unfitting armour, claws 3, fast metabolism 3, gourmand, regeneration 1,
shaggy fur 1, tough skin 2
a: no special abilities


You were on level 2 of the Dungeon.
You were completely stuffed.

You visited 1 branch of the dungeon, and saw 4 of its levels.

You collected 94 gold pieces.

Inventory:

Armour
 a - a +0 robe (worn)
 e - a +0 cloak (worn)
Jewellery
 j - a ring of protection from cold (left claw)
 q - a ring of wizardry (right claw)
Scrolls
 i - 5 scrolls of remove curse
 l - 2 scrolls of teleportation
 r - a scroll of immolation
 t - 2 scrolls of enchant armour
 u - a scroll of enchant weapon
Potions
 c - 2 potions of flight {unknown}
 d - 4 potions of curing {unknown}
 g - 2 potions of lignification {unknown}
 n - a potion of beneficial mutation {unknown}
 p - a potion of magic {unknown}
 s - a potion of berserk rage {unknown}
Comestibles
 b - 3 bread rations
 f - a beef jerky
 h - a slice of pizza
 k - 3 fruits


   Skills:
 + Level 4.4 Fighting
 + Level 4.5 Dodging
 - Level 1.1 Stealth
 + Level 5.3 Unarmed Combat


You had 6 spell levels left.
You didn't know any spells.

Dungeon Overview and Level Annotations

Branches:
Dungeon (4/15)
 Temple: D:4-7

Altars:
Ru


Innate Abilities, Weirdness & Mutations

You are too large for most types of armour.
You have claws for hands.
Your metabolism is lightning-fast.
You like to eat raw meat.
Your natural rate of healing is unusually fast.
You are covered in fur. (AC +1)
You have very tough skin. (AC +2)


Message History

The worker ant is heavily wounded.
The worker ant barely misses you.
You claw the worker ant!
The worker ant is almost dead.
You feel sick. The worker ant barely misses you.
The ogre hits you with a giant club.
You claw the worker ant!
You kill the worker ant!
You feel sick. The ogre hits you with a giant club.
You claw the ogre!
The ogre is moderately wounded.
You claw the ogre!
The ogre is almost dead.
You feel sick. The ogre hits you with a giant club!
* * * LOW HITPOINT WARNING * * *
You are too injured to fight recklessly!
You barely miss the ogre.
The ogre is almost dead.
You feel sick. The ogre hits you with a giant club!
You die...

######### #..
#.......#############..
###.###...÷............ #.#
##############... #######.####
##...... #######.....[....##
##....... .....#............##
#........
...................######........
................@................
................O†.#.............
.....................####.....)..
#..................### #........
##................### #........
##.................# ##........
###....##.>...#####.# ##.........
.......(..#.#..####.###..........
........###.##...................


You could see an ogre.

Vanquished Creatures
  Grinder (D:3)
  The ghost of oplop the Chiller, an amateur OpIE (D:3)
  An orc wizard (D:3)
  A bullfrog skeleton (D:3)
  Natasha (thrice) (D:2)
  A worker ant (D:2)
  Terence (D:2)
  Robin (D:2)
  5 adders
  2 worms (D:2)
  3 dart slugs
  2 leopard geckos
  5 orcs (D:3)
  A ball python (D:2)
  4 giant cockroaches
  7 hobgoblins
  8 jackals (D:3)
  4 kobolds (D:1)
  A quokka (D:3)
  9 bats
  4 frilled lizards
  11 goblins
  3 rats
79 creatures vanquished.

Notes
Turn   | Place    | Note
-------+----------+-------------------------------------------
     0 | D:1      | galech the Troll Monk began the quest for the Orb.
     0 | D:1      | Reached XP level 1. HP: 22/22 MP: 0/0
   275 | D:1      | Reached XP level 2. HP: 29/29 MP: 1/1
   823 | D:1      | Reached XP level 3. HP: 26/36 MP: 2/2
   891 | D:2      | Noticed Robin
   905 | D:2      | Killed Robin
  1036 | D:2      | Reached XP level 4. HP: 45/45 MP: 3/3
  1131 | D:2      | Noticed Natasha
  1133 | D:2      | Noticed Terence
  1137 | D:2      | Killed Natasha
  1144 | D:2      | Killed Terence
  1144 | D:2      | Reached skill level 4 in Unarmed Combat
  1214 | D:2      | Noticed Natasha
  1222 | D:2      | Killed Natasha
  1222 | D:2      | Reached XP level 5. HP: 53/53 MP: 4/4
  1302 | D:2      | Noticed Natasha
  1320 | D:2      | Killed Natasha
  1605 | D:3      | Noticed oplop's ghost (amateur OpIE)
  1618 | D:3      | Killed oplop's ghost
  1618 | D:3      | Reached XP level 6. HP: 40/62 MP: 5/5
  1681 | D:3      | Found a sacrificial altar of Ru.
  1738 | D:3      | Noticed Grinder
  1748 | D:3      | Killed Grinder
  1748 | D:3      | Reached skill level 5 in Unarmed Combat
  1748 | D:3      | Reached XP level 7. HP: 52/70 MP: 6/6
  2165 | D:2      | Slain by an ogre

Skill      XL: |  1  2  3  4  5  6 |
---------------+-------------------+-----
Fighting       | 3 4 |  4.4
Dodging        | 3 4 |  4.5
Unarmed Combat | 4 5 |  5.3
Stealth        | |  1.1

Action                   |  1- 3 |  4- 6 |  7- 9 || total
-------------------------+-------+-------+-------++-------
Melee: Unarmed           |   108 |   119 |    29 ||   256
       Punch             |     1 |     1 |       ||     2
  Use: Scroll            |       |       |     5 ||     5
 Stab: Sleeping          |     2 |     3 |       ||     5
  Eat: Chunk             |    15 |     7 |     4 ||    26
Armor: Robe              |    47 |    41 |     6 ||    94
Dodge: Dodged            |    69 |    58 |    18 ||   145
